 Dungeon Crawl Stone Soup version 0.24.0-13-gcf9b3192b9 (webtiles) character file.

Game seed: 352528610650967831, levelgen mode: deterministic

12 Esekla the Vexing (level 2, 0/21 HPs)
             Began as a Formicid Enchanter on Nov 5, 2019.
             Succumbed to an adder's poison
             ... on level 2 of the Dungeon.
             The game lasted 00:03:28 (651 turns).

Esekla the Vexing (Formicid Enchanter)               Turns: 651, Time: 00:03:28

Health: 0/21       AC:  2    Str: 17    XL:     2   Next: 45%
Magic:  5/5        EV: 12    Int: 14    God:
Gold:   27         SH:  0    Dex: 11    Spells: 4/5 levels left

rFire    . . .     SeeInvis +   a - +1 dagger
rCold    . . .     Gourm    .   (no shield)
rNeg     . . .     Faith    .   b - +0 robe
rPois    .         Spirit   .   (helmet unavailable)
rElec    .         Reflect  .   (no cloak)
rCorr    .         Harm     .   (no gloves)
MR       .....                  (no boots)
Stlth    ++........             (no amulet)
HPRegen  0.07/turn              (no ring)
MPRegen  0.09/turn              (no ring)

@: mighty, lethally poisoned (0 -> -5)
A: permanent stasis, dig shafts and tunnels, four strong arms, antennae 3
a: Dig, Shaft Self


You were on level 2 of the Dungeon.
You were not hungry.

You visited 1 branch of the dungeon, and saw 2 of its levels.

You collected 27 gold pieces.

Inventory:

Hand Weapons
 a - a +1 dagger (weapon)
Armour
 b - a +0 robe (worn)
Scrolls
 c - a scroll of teleportation {unknown}
Comestibles
 d - a ration


   Skills:
 * Level 1.1 Fighting
 * Level 1.5 Short Blades
 + Level 2.0 Dodging
 - Level 3.6 Stealth
 - Level 2.1 Spellcasting
 - Level 3.6 Hexes


You had 4 spell levels left.
You knew the following spells:

 Your Spells              Type           Power        Failure   Level  Hunger
a - Corona                Hex            ##.....      5%          1    #......

Your spell library contained the following spells:

 Spells                   Type           Power        Failure   Level  Hunger
 Confuse                  Hex            ##......     16%         3    ###....
 Tukima's Dance           Hex            ##......     16%         3    ###....
 Ensorcelled Hibernation  Hex/Ice        #.....       17%         2    ###....
 Dazzling Spray           Conj/Hex       #.....       32%         3    ###....


Dungeon Overview and Level Annotations

Branches:
Dungeon (2/15)

Altars:


Innate Abilities, Weirdness & Mutations

You cannot be hasted, slowed, berserked, paralysed or teleported.
You can dig through walls and to a lower floor.
Your four strong arms can wield two-handed weapons with a shield.
You have a pair of large antennae on your head. (SInv)


Message History

The adder is heavily wounded.
You feel sick. The adder bites you.
* * * LOW HITPOINT WARNING * * *
It was a potion of might.
You feel very mighty all of a sudden. The adder barely misses you.
It was a potion of magic.
Magic courses through your body.
* * * LOW HITPOINT WARNING * * *
You feel sick.
The adder stops glowing.
The adder misses you.
You puncture the adder!
You kill the adder!
Your Fighting skill increases to level 1!
Your Dodging skill increases to level 2!
You have reached level 2!
There is a lethal amount of poison in your body!
* * * LOW HITPOINT WARNING * * *
You feel sick.
* * * LOW HITPOINT WARNING * * *
You feel sick.
You die...

#..{..{# #.# #...{..# #.#
#......####.#
#......+{w..#
##......###############
#................S....#
#.###################.#
#.#........##########.#
##.#+#..###.@........#S#
{
#..........#########.#.#
{ +.......##.# #.#.#
#.....>###.# #...#
#......# #.#############
#......# #.##.....<######
#......# #.##.#.........#
#......###.##.#.#######.#
#.............#.##.# #.#


There were no monsters in sight!

Vanquished Creatures
  An adder (D:2)
  A ball python (D:1)
  A hobgoblin (D:2)
  A rat (D:2)
4 creatures vanquished.

Notes
Turn   | Place    | Note
-------+----------+-------------------------------------------
     0 | D:1      | Esekla the Formicid Enchanter began the quest for the Orb.
     0 | D:1      | Reached XP level 1. HP: 13/13 MP: 3/3
   645 | D:2      | Reached skill level 1 in Fighting
   645 | D:2      | Reached XP level 2. HP: 3/21 MP: 5/5
   648 | D:2      | HP: 1/21 [poisoned by an adder]
   651 | D:2      | Succumbed to an adder's poison

Levels and vault maps discovered:
D:1:      lemuel_arrival_river_ford, layout_rooms
D:2:      minmay_chambers_of_twos, layout_basic, moated_statue, minmay_circle_x

Skill      XL: |  1 |
---------------+----+-----
Fighting       | 1 |  1.1
Dodging        | 2 |  2.0
Short Blades   | |  1.5
Stealth        | |  3.6
Spellcasting   | |  2.1
Hexes          | |  3.6

Action                   || total
-------------------------++-------
Melee: Dagger            ||    24
 Cast: Corona            ||     2
  Use: Potion            ||     2
Armor: Robe              ||     7
Dodge: Dodged            ||    20
